 Dungeon Crawl Stone Soup version 0.27.0-1-g7a089689b8 (webtiles) character file.

Game seed: 13440776430116359751

40 eisteetrinker the Sneak (level 3, 0/28 HPs)
             Began as a Naga Fire Elementalist on Aug 1, 2021.
             Succumbed to an adder's poison
             ... on level 2 of the Dungeon on Aug 6, 2021.
             The game lasted 00:28:01 (1978 turns).

eisteetrinker the Sneak (Naga Fire Elementalist)    Turns: 1978, Time: 00:28:02

Health: 0/28       AC:  2    Str: 10    XL:     3   Next: 50%
Magic:  4/6        EV:  7    Int: 16    God:
Gold:   35         SH:  7    Dex: 11    Spells: 6/7 levels left

rFire    . . .     SeeInvis +   f - +0 spear
rCold    + . .     Faith    .   e - +1 kite shield
rNeg     . . .     Spirit   .   a - +0 robe
rPois    +         Reflect  .   (no helmet)
rElec    .         Harm     .   (no cloak)
rCorr    .         Rampage  .   (no gloves)
Will     .....                  (no barding)
Stlth    ++........             (no amulet)
HPRegen  0.09/turn              k - ring of protection from cold
MPRegen  0.10/turn              (no ring)

@: lethally poisoned (0 -> -2), very slow
A: AC +1, large, see invisible, deformed body, poison resistance, slowness 2,
spit poison 1, naga tail 1
a: Spit Poison


You were on level 2 of the Dungeon.
You visited 1 branch of the dungeon, and saw 2 of its levels.

You collected 35 gold pieces.

Inventory:

Hand Weapons
 b - a +0 short sword
 d - a +0 dagger
 f - a +0 spear (weapon)
 j - a +0 antimagic quarterstaff
Missiles
 c - 45 bolts
 g - 16 poisoned darts
 h - 29 stones
 i - 35 sling bullets
 l - a throwing net
Armour
 a - a +0 robe (worn)
 e - a +1 kite shield (worn)
Jewellery
 k - a ring of protection from cold (left hand)


   Skills:
 - Level 0.2 Short Blades
 + Level 1.8 Dodging
 + Level 3.4 Stealth
 * Level 2.5 Spellcasting
 * Level 1.5 Conjurations
 * Level 3.3 Fire Magic


You had 6 spell levels left.
You knew the following spells:

 Your Spells              Type           Power      Damage    Failure   Level
a - Foxfire               Conj/Fire      36%        2x1d5     45%         1

Your spell library contained the following spells:

 Spells                   Type           Power      Damage    Failure   Level
 Conjure Flame            Conj/Fire      9%         6-21      83%         3
 Inner Flame              Hex/Fire       7%         N/A       91%         3
 Sticky Flame             Conj/Fire      9%         2d3       99%         4
 Fireball                 Conj/Fire      4%         3d4       100%        5


Dungeon Overview and Level Annotations

Branches:
Dungeon (2/15)

Altars:

Shops:
D:2 (

Annotations:
D:2 Robin


Innate Abilities, Weirdness & Mutations

Your serpentine skin is tough. (AC +1)
You have supernaturally acute eyesight. (SInv)
Armour fits poorly on your strangely shaped body.
Your system is resistant to poisons. (rPois)
You cover ground very slowly.
You can spit poison.
You have a snake-like lower body.


Message History

Press: ? - help, Q - select action, (/) - cycle Shift-Dir - straight line, f - adder
Aim: an adder The splash of poison hits the adder!
The adder is severely wounded.
The adder barely misses you. The adder closely misses you. The adder bites you.
You block the adder's attack.
You aren't carrying any potions.
Throw: 2 throwing nets
Press: ? - help, Q - select action, (/) - cycle Shift-Dir - straight line, f/p - adder
Aim: an adder (29% to hit)
You throw a throwing net. The throwing net hits the adder.
The adder is caught in the net!
The adder is severely wounded.
The adder struggles against the net. x2
Okay, then.
You have got your breath back.
The adder struggles against the net.
The adder struggles against the net. x2
The net rips apart, and the adder comes free!
The adder bites you.
You are poisoned.
The adder poisons you!
You hit the adder.
The adder is severely wounded.
You feel sick. The adder bites you.
* * * LOW HITPOINT WARNING * * *
The adder barely misses you.
Abil: Spit Poison
Press: ? - help, Q - select action, (/) - cycle Shift-Dir - straight line, f/p - adder
Aim: an adder The splash of poison misses the adder.
The splash of poison hits the bat.
You kill the bat!
* * * LOW HITPOINT WARNING * * *
You feel sick. You block the adder's attack.
* * * LOW HITPOINT WARNING * * *
You feel sick. You block the adder's attack.
You have got your breath back.
You die...

#.##.## #.########.#####
# #.....#
#.#............# ####..#
#..#.#.#.....#.# ###.<#
#.##.##..###.#.# #....#
#........# #.#.# ###....#
#.##.##..###.#.# #.....##
##.#.#.#.....#.#
#.###.######...####...#.#
#.# #...S.@.#.# #.#.#.#
#.###.##S###..#####.#.#.#
#.....##.# #........#.#.#
###.####.###..#####.....#
#.# ##...#.#####.###.#
#.# #####.......# #b#
#######^# #S# #... #.#
###(<.


You could see 2 adders.

Vanquished Creatures
  A dart slug (D:2)
  8 endoplasms
  2 giant cockroaches (D:1)
  5 goblins
  3 hobgoblins
  A kobold (D:1)
  4 ball pythons
  4 bats
  2 frilled lizards (D:1)
  3 rats
33 creatures vanquished.

Vanquished Creatures (others)
  16 foxfires
16 creatures vanquished.

Grand Total: 49 creatures vanquished

Notes
Turn   | Place    | Note
-------+----------+-------------------------------------------
     0 | D:1      | eisteetrinker the Naga Fire Elementalist began the quest
                  | for the Orb.
     0 | D:1      | Reached XP level 1. HP: 15/15 MP: 3/3
   509 | D:1      | Reached XP level 2. HP: 20/22 MP: 5/5
  1447 | D:1      | Reached XP level 3. HP: 27/28 MP: 6/6
  1656 | D:2      | Found Kiyxu's Weapon Shop.
  1954 | D:2      | Noticed Robin
  1978 | D:2      | Succumbed to an adder's poison

Illustrated notes

Levels and vault maps discovered:
D:1:      grunt_arrival_crossed_arrows, layout_basic, kennysheep_flooded_box,
          hangedman_decor_slide_cut
D:2:      minmay_thinvault, layout_loops_ring, serial_shops, shop,
          kennysheep_generic_room_13, uniq_robin

Action                   || total
-------------------------++-------
Melee: Short sword       ||    14
       Spear             ||    65
Throw: Throwing net      ||     1
 Cast: Foxfire           ||    12
 Abil: Spit Poison       ||    17
  Use: Potion            ||     3
       Scroll            ||     1
 Stab: Sleeping          ||     1
Armor: Skin              ||     9
       Robe              ||    17
Dodge: Dodged            ||    40
Block: Kite shield       ||    24
